 Dungeon Crawl Stone Soup version 0.27-a0-1081-ge8a0a9c698 (webtiles) character file.

Game seed: 3827827299783352098

52 gimp the Shield-Bearer (level 3, -11/30 HPs)
             Began as a Djinni Fighter on Apr 25, 2021.
             Mangled by Sigmund
             ... wielding a +0 scythe
              (16 damage)
             ... on level 3 of the Dungeon.
             The game lasted 00:03:38 (1383 turns).

gimp the Shield-Bearer (Djinni Fighter)             Turns: 1383, Time: 00:03:38

Health: -11/30     AC:  7    Str: 16    XL:     3   Next: 85%
Gold:   66         EV:  7    Int:  9    God:
                   SH:  0    Dex: 12

rFire    + + .     SeeInvis .   a - +0 war axe
rCold    x . .     Faith    .   c - +0 kite shield
rNeg     . . .     Spirit   .   b - +0 scale mail
rPois    ∞         Reflect  .   (no helmet)
rElec    .         Harm     .   (no cloak)
rCorr    .         Rampage  .   e - +0 pair of gloves
Will     .....                  (boots unavailable)
Stlth    ..........             (no amulet)
HPRegen  0.10/turn              (no ring)
MPRegen  0.00/turn              (no ring)

@: confused, mighty, attractive, flying
A: fire resistance 2, cold vulnerability 1, float, innate caster, hp casting,
extra vitality 1
a: no special abilities


You were on level 3 of the Dungeon.
You visited 1 branch of the dungeon, and saw 3 of its levels.

You collected 90 gold pieces.
You spent 24 gold pieces at shops.

Inventory:

Hand Weapons
 a - a +0 war axe (weapon)
Armour
 b - a +0 scale mail (worn)
 c - a +0 kite shield (worn)
 e - a +0 pair of gloves (worn)
Scrolls
 h - 2 scrolls of fog
Potions
 g - a potion of invisibility {unknown}
 i - a potion of attraction
 j - 2 potions of cancellation {unknown}
 k - a potion of resistance {unknown}


   Skills:
 + Level 3.6 Fighting
 + Level 2.3 Axes
 - Level 3.0 Armour
 + Level 3.6 Shields


You had one spell level left.
You knew the following spells:

 Your Spells              Type           Power      Damage    Failure   Level
a - Foxfire               Conj/Fire      0%         2x1d4     99%         1
Your spell library was empty.

Dungeon Overview and Level Annotations

Branches:
Dungeon (3/15)

Altars:
Nemelex Xobeh

Shops:
D:1 ?(

Annotations:
D:3 Sigmund


Innate Abilities, Weirdness & Mutations

You are immune to poison.
Your flesh is very heat resistant. (rF++)
You are vulnerable to cold. (rC-)
You float through the air rather than walking.
You learn spells naturally, not from books.
Your magical power is your life essence.
You have superior vitality. (+4 HP)


Message History

You take 8 damage, and have 17/30 hp.
MASSIVE DAMAGE!!
You bump into the rock wall.
You feel less confused. You block something's attack.
An orc wizard comes into view. It is wielding a +0 dagger.
The orc wizard shouts!
An orc comes into view. It is wielding a +0 hand axe.
The orc shouts!
You hear a shout!
You feel better.
You hear some strange, mumbled words.
Something tries to affect you, but you resist.
An orc comes into view. It is wielding a +0 mace.
You regained 11 hp, and now have 28/30 hp.
The orc wizard hits you with a +0 dagger.
You take 2 damage, and have 26/30 hp.
You feel very mighty all of a sudden. You block the orc wizard's attack.
You closely miss the orc wizard.
You hear some strange, mumbled words.
Something tries to affect you, but you resist.
The orc wizard points at itself and mumbles some strange words.
The orc wizard flickers and vanishes!
You block something's attack.
You closely miss something.
You hear some strange, mumbled words.
A magic dart appears from out of thin air!
The magic dart hits you. Something hits you! Something hits you.
You take 16 damage, and have 11/30 hp.
MASSIVE DAMAGE!!
You closely miss something. Something completely misses you.
You hear some strange, mumbled words.
You are confused.
Something hits you.
* * * LOW HITPOINT WARNING * * *
You take 6 damage, and have 5/30 hp.
Unknown command.
Something completely misses you.
It was a potion of attraction.
You feel attractive to monsters. Something hits you!
Ouch! That really hurt!
You die...

........##
..####...#
.........###
#.#####....#
#.....)..#.#
#...###..#.#
#. #..#.#
#..#.#######
#..#.@o..o.#
#..#.#####.#
#..#.#
#..### #..#
#..#######
#.........
#.########
#.#


You could see 2 orcs.

Vanquished Creatures
  2 worms (D:2)
  A dart slug (D:1)
  3 ball pythons (D:1)
  4 bats
  3 endoplasms
  3 giant cockroaches
  3 goblins
  5 hobgoblins
  4 jackals (D:1)
  A quokka (D:1)
  6 kobolds
  3 rats
38 creatures vanquished.

Notes
Turn   | Place    | Note
-------+----------+-------------------------------------------
     0 | D:1      | gimp the Djinni Fighter began the quest for the Orb.
     0 | D:1      | Reached XP level 1. HP: 20/20 MP: 0/0
   119 | D:1      | Reached XP level 2. HP: 24/25 MP: 0/0
   135 | D:1      | Found Rofill's Magic Scroll Shoppe.
   344 | D:1      | Bought a scroll of fog for 24 gold pieces
   414 | D:1      | Found Ityihuq's Weapon Emporium.
   566 | D:1      | Reached XP level 3. HP: 20/30 MP: 0/0
   566 | D:1      | Learned a level 1 spell: Foxfire
  1106 | D:2      | Found a sparkling altar of Nemelex Xobeh.
  1215 | D:2      | Found a faded altar of an unknown god.
  1360 | D:3      | Noticed Sigmund
  1383 | D:3      | Mangled by Sigmund

Illustrated notes

Levels and vault maps discovered:
D:1:      dpeg_arrival_tiny_h, layout_basic, serial_shops, shop_scrolls,
          nicolae_shop_crystal
D:2:      layout_rooms, ebering_ecumenical_altar_abandoned, basic_altar
D:3:      layout_basic, uniq_grinder, uniq_sigmund

Skill      XL: |  1  2 |
---------------+-------+-----
Axes           | 2 |  2.3
Fighting       | |  3.6
Armour         | |  3.0
Shields        | |  3.6

Action                   || total
-------------------------++-------
Melee: War axe           ||   117
  Use: Scroll            ||     4
       Potion            ||     3
Armor: Scale mail        ||    63
Dodge: Dodged            ||    41
Block: Kite shield       ||    74

Table legend: (Time is in decaauts)
 A = Elapsed time spent in this place.
 B = Non-inter-level travel time spent in this place.
 C = Inter-level travel time spent in this place.
 D = Time resting spent in this place.
 E = Time spent auto-exploring this place.
 F = Levels seen in this place.
 G = Mean time per level.
                   A        B        C        D        E       F      G
               +--------+--------+--------+--------+--------+-----+--------+
         Total |   1457 |   1409 |     48 |      0 |   1055 |   3 |  485.7 |
       Dungeon |   1457 |   1409 |     48 |      0 |   1055 |   3 |  485.7 |
               +--------+--------+--------+--------+--------+-----+--------+

Top non-repeatable levels by time:
     D:1: 884 daAuts
     D:2: 528 daAuts
     D:3: 45 daAuts
